Map: 2000 Atmospheres LE

Players

SpeCial - Winner!

  • Race: Terran Terran
  • League: Master

TIME (Oliveira)

  • Race: Terran Terran
  • League: Grandmaster

Event: TSL 7

VOD

Have the link to the VOD?

Description

Time

  • Played on: June 19, 2021, 1:18 p.m.
  • Length: 11:04

All games in this series

Show
View Real Time Build Order
Export as new Build Order

SpeCial Terran - Winner!

Build Orders: Gas First Reaper Expand, Hellion Opening 

Get SALT Encoding   

  12  0:00  SCV  
  13  0:12  SCV  
  14  0:17  Supply Depot  
  14  0:24  SCV  
  14  0:27  Refinery  
  15  0:38  SCV  
  16  0:43  Barracks  
  16  0:50  SCV  
  17  1:03  SCV  
  18  1:15  SCV  
  19  1:30  Reaper  
  19  1:31  Orbital Command  
  20  1:41  Command Center  
  20  1:50  Factory  
  20  1:56  SCV  
  21  2:05  Barracks Reactor  
  21  2:09  SCV  
  21  2:13  Supply Depot  
  22  2:18  Refinery  
  22  2:21  SCV  
  23  2:34  SCV  
  24  2:42  Starport  
  24  2:46  Hellion x2  
  24  2:48  SCV  
  29  2:52  Barracks Tech Lab  
  29  2:53  Orbital Command  
  29  3:00  SCV  
  30  3:08  Hellion x2  
  34  3:13  SCV  
  34  3:17  Supply Depot  
  34  3:18  SCV  
  36  3:21  Refinery  
  36  3:25  SCV  
  37  3:27  Raven  
  37  3:30  SCV  
  40  3:34  Hellion  
  40  3:39  Hellion  
  40  3:40  Barracks Tech Lab  
  44  3:42  SCV  
  44  3:44  SCV  
  46  3:52  Supply Depot  
  46  3:54  SCV  
  47  3:56  SCV  
  48  4:06  SCV  
  48  4:08  SCV, Marine x2  
  52  4:14  Cyclone  
  52  4:15  Raven, Supply Depot  
  57  4:18  SCV  
  57  4:20  SCV  
  58  4:35  SCV x2  
  60  4:42  Refinery, Command Center  
  60  4:43  Supply Depot  
  60  4:47  SCV, Marine x2  
  60  4:52  SCV  
  64  4:53  Siege Tank  
  64  4:59  SCV  
  68  5:04  SCV  
  69  5:12  Liberator  
  69  5:13  Liberator  
  75  5:14  Marine  
  75  5:19  SCV  
  75  5:21  SCV  
  78  5:23  Barracks  
  78  5:24  Barracks  
  78  5:34  Supply Depot  
  78  5:35  Supply Depot, Stimpack  
  78  5:53  SCV, Marine  
  78  5:54  SCV, Siege Tank  
  78  5:55  Engineering Bay, Viking  
  78  5:56  Engineering Bay  
  86  5:59  Viking  
  88  6:05  Orbital Command  
  88  6:06  SCV x2  
  90  6:11  Marine  
  90  6:16  Barracks Reactor x2  
  90  6:18  SCV x2  
  93  6:25  Missile Turret, Terran Infantry Weapons Level 1, Viking  
  93  6:26  Terran Infantry Armor Level 1  
  93  6:29  Viking  
  93  6:30  SCV  
  98  6:34  Marine  
  98  6:36  Missile Turret  
  100  6:40  SCV x2  
  100  6:42  SCV  
  100  6:43  Siege Tank  
  105  6:51  Marine  
  105  6:52  Marine x3  
  109  7:04  Supply Depot  
  109  7:07  SCV x3, Marine, Viking x2, Supply Depot  
  117  7:25  SCV x2, Marine x3, Siege Tank  
  117  7:27  SCV, Marine x2  
  123  7:39  Medivac x2  
  123  7:42  Orbital Command  
  123  7:43  Marine x3  
  130  7:44  Marine x2  
  130  7:51  Combat Shield  
  129  7:54  Barracks  
  129  7:59  Barracks  
  129  8:01  Marine, Siege Tank  
  129  8:04  Supply Depot  
  133  8:06  Armory  
  133  8:10  Marine x3  
  133  8:12  Marine  
  132  8:19  Marine  
  104  8:25  Orbital Command  
  104  8:26  Medivac x2  
  100  8:27  SCV x2  
  100  8:28  Marine x3  
  100  8:29  Marine  
  100  8:33  Siege Tank  
  109  8:36  Marine  
  109  8:39  SCV x2  
  109  8:40  Refinery  
  112  8:41  Sensor Tower  
  112  8:42  Barracks Reactor  
  112  8:43  Refinery  
  112  8:45  Marine x2  
  114  8:49  Barracks Reactor  
  114  8:51  SCV x2, Marine  
  117  8:59  Marine x2  
  119  9:08  Marine  
  119  9:09  Marine x2  
  122  9:16  Marine  
  124  9:17  SCV x3  
  124  9:20  Marine x3, Supply Depot  
  129  9:26  Marine x2, Siege Tank  
  129  9:27  Marine  
  129  9:29  SCV  
  129  9:30  Marine x2  
  137  9:34  Marine  
  137  9:38  Marine x3  
  134  9:44  Marine x2  
  129  9:47  Liberator x2  
  129  9:48  Marine x2  
  129  9:52  Marine  
  134  9:56  Factory, Marine x3  
  136  10:02  Barracks Reactor, Marine, Siege Tank  
  140  10:08  Marine x3, Supply Depot  
  140  10:10  Marine  
  144  10:15  Marine x2  
  144  10:16  Command Center  
  144  10:17  Marine  
  144  10:20  Marine  
  147  10:25  Marine  
  147  10:26  Marine  
  149  10:29  Marine x2  
  149  10:30  Supply Depot  
  149  10:31  Supply Depot  
  149  10:33  Marine x2, Medivac x2  
  149  10:35  Marine  
  152  10:38  Marine  
  152  10:39  Marine x2  
  139  10:43  Marine  
  139  10:44  SCV, Marine  
  139  10:46  SCV  
  139  10:47  SCV  
Show
View Real Time Build Order
Export as new Build Order

TIME Terran 

Build Orders:  

Get SALT Encoding   

  12  0:00  SCV  
  13  0:13  SCV  
  14  0:17  Supply Depot  
  14  0:25  SCV  
  15  0:39  SCV  
  15  0:40  Barracks  
  16  0:44  Refinery  
  16  0:51  SCV  
  16  0:54  Refinery  
  17  1:03  SCV  
  18  1:15  SCV  
  19  1:28  Reaper, Orbital Command  
  19  1:30  Supply Depot  
  20  1:42  Factory  
  20  1:54  SCV  
  22  2:01  Reaper  
  22  2:06  SCV  
  23  2:19  Command Center  
  23  2:20  SCV  
  24  2:26  Hellion  
  26  2:32  SCV  
  26  2:33  Barracks Reactor  
  27  2:40  Starport  
  27  2:44  SCV  
  27  2:49  Supply Depot  
  28  2:54  Widow Mine  
  30  3:02  SCV  
  31  3:10  Marine  
  31  3:11  Marine  
  33  3:14  SCV  
  33  3:15  Factory Tech Lab  
  33  3:18  Starport Tech Lab  
  34  3:22  Refinery  
  34  3:28  Marine x2  
  34  3:30  Orbital Command  
  34  3:32  SCV  
  37  3:37  Raven  
  39  3:44  SCV  
  39  3:46  Marine x2  
  42  3:52  Siege Tank  
  45  3:57  Supply Depot  
  45  3:58  SCV  
  45  4:00  SCV  
  47  4:06  Marine x2  
  49  4:10  SCV  
  49  4:12  SCV  
  51  4:18  Supply Depot  
  51  4:22  SCV  
  50  4:31  Starport Reactor  
  46  4:34  Siege Tank  
  46  4:35  SCV  
  49  4:40  Barracks  
  49  4:41  SCV, Barracks  
  50  4:49  Marine, Stimpack  
  50  4:52  SCV  
  50  4:53  SCV  
  51  5:05  SCV, Engineering Bay  
  52  5:07  Marine  
  52  5:10  Siege Tank  
  52  5:11  SCV  
  57  5:15  Starport Reactor  
  57  5:18  SCV  
  57  5:23  SCV  
  57  5:26  Marine  
  57  5:27  Marine x2  
  61  5:30  SCV  
  61  5:31  Terran Infantry Weapons Level 1, Supply Depot  
  61  5:34  Marine x2  
  64  5:36  SCV  
  64  5:38  Supply Depot  
  64  5:42  SCV  
  66  5:44  Siege Tank  
  66  5:46  Marine  
  66  5:48  SCV, Marine x2  
  69  5:54  Medivac  
  69  5:55  Medivac  
  73  5:57  Marine  
  73  5:58  Marine  
  73  6:00  SCV  
  73  6:01  SCV  
  77  6:04  Supply Depot  
  77  6:05  Marine  
  77  6:11  Supply Depot  
  78  6:12  SCV  
  78  6:14  SCV  
  78  6:16  Marine  
  78  6:17  Marine  
  82  6:23  Marine  
  86  6:25  Marine  
  86  6:29  Combat Shield  
  86  6:32  Medivac x2  
  86  6:35  Supply Depot  
  86  6:36  Marine x3  
  91  6:41  Marine  
  91  6:42  Siege Tank  
  95  6:48  Marine  
  95  6:51  SCV x2  
  95  6:53  Marine  
  95  6:54  Marine x2  
  98  6:59  Marine  
  100  7:02  Viking  
  102  7:17  SCV  
  102  7:18  Marine  
  102  7:19  Marine x2  
  102  7:21  Marine  
  102  7:26  Marine  
  101  7:35  Command Center  
  101  7:36  Marine x2  
  103  7:38  Siege Tank  
  103  7:40  SCV x2  
  106  7:44  Marine x2  
  106  7:46  Refinery  
  106  7:47  Supply Depot  
  107  7:52  SCV, Marine, Supply Depot  
  109  8:00  Marine  
  109  8:03  SCV  
  110  8:08  Marine x2  
  106  8:17  Marine  
  88  8:21  Marine x2  
  88  8:26  Marine x2, Medivac x2, Siege Tank  
  81  8:27  SCV x2  
  81  8:32  Terran Infantry Armor Level 1  
  83  8:35  Marine  
  83  8:37  Barracks  
  83  8:39  SCV, Barracks, Marine  
  83  8:40  SCV  
  87  8:41  Marine  
  87  8:47  Orbital Command  
  88  8:50  Marine  
  88  8:51  SCV  
  88  8:52  SCV  
  88  8:53  Marine x2  
  93  8:58  Medivac  
  93  8:59  Marine, Medivac  
  98  9:04  SCV x2  
  98  9:05  Siege Tank  
  98  9:07  Marine  
  103  9:11  Marine  
  103  9:12  Marine  
  103  9:14  SCV  
  103  9:16  SCV x2  
  108  9:17  Marine x2  
  108  9:23  Armory  
  110  9:24  Marine, Engineering Bay  
  110  9:26  Barracks Reactor x2, SCV  
  101  9:40  Marine  
  101  9:43  Marine x3  
  101  9:44  Marine  
  91  9:48  Siege Tank  
  91  9:49  Medivac x2  
  91  9:50  SCV x2  
  91  9:51  SCV  
  93  9:55  Refinery x2  
  93  9:58  Marine  
  94  10:01  Marine x2  
  94  10:02  SCV x2, Marine x2  
  94  10:05  SCV  
  101  10:07  Marine x2  
  101  10:09  Marine  
  101  10:10  Marine  
  101  10:12  Command Center  
  105  10:16  Marine  
  105  10:18  Marine x2  
  103  10:22  Marine x2  
  103  10:23  Medivac x2, Siege Tank  
  103  10:24  Orbital Command  
  103  10:25  Marine x2  
  103  10:27  Marine  
  112  10:28  Marine  
  112  10:34  Marine  
  106  10:36  Marine x2  
  106  10:40  Marine  
  106  10:42  SCV x2  
  81  10:43  Marine x2  
Tags
 
Add a new tag
Caveats
  • Supply blocks, unpowered buildings, or Contaminate may cause inaccurate times.
  • Supply counts are checked every 10 seconds.